 Dungeon Crawl Stone Soup version 0.31-a0-220-gc2f4f3cf83 (webtiles) character file.

Game seed: 9491641227332327910

238 qw the Chopper (level 6, 0/38 HPs)
             Began as a Gargoyle Fighter on July 3, 2023.
             Slain by Duvessa
             ... wielding a +0 short sword
              (7 damage)
             ... on level 4 of the Dungeon.
             The game lasted 00:01:29 (2813 turns).

qw the Chopper (Gargoyle Fighter)                   Turns: 2813, Time: 00:01:30

Health: 0/38       AC: 18    Str: 21    XL:     6   Next: 7%
Magic:  6/6        EV:  7    Int:  9    God:
Gold:   135        SH:  4    Dex:  9    Spells: 5/5 levels left

rFire   . . .        Y - +1 war axe
rCold   . . .        c - +0 buckler
rNeg    + . .        j - +0 chain mail
rPois   inf          m - +0 helmet
rElec   +            (no cloak)
rCorr   .            (no gloves)
SInv    .            (no boots)
Will    .....        (no amulet) Stlth
                     b - +4 ring of protection
HPRegen 0.26/turn    (no ring)
MPRegen 0.10/turn

%: no passive effects
@: no status effects
A: sickness immunity, AC +4, negative energy resistance 1, electricity
resistance, torment resistance 1, petrification resistance
a: no special abilities


You were on level 4 of the Dungeon.
You visited 1 branch of the dungeon, and saw 4 of its levels.

You collected 135 gold pieces.


Innate Abilities, Weirdness & Mutations

You are immune to sickness and miasma.
Your stone body is resilient. (AC +4)
You are immune to poison.
You resist negative energy. (rN+)
You are resistant to electric shocks. (rElec)
You are resistant to unholy torment.
You are immune to petrification.


   Skills:
 - Level 4.2 Fighting
 + Level 5.1 Axes
 - Level 3.2 Armour
 - Level 3.2 Shields


You had 5 spell levels left.
You didn't know any spells.
Your spell library was empty.

Inventory:

Hand Weapons
 l - a +0 mace
 Y - a +1 war axe (weapon)
Missiles
 q - 4 boomerangs (quivered)
Armour
 c - a +0 buckler (worn)
 h - a +1 ring mail of cold resistance
 j - a +0 chain mail (worn)
 m - a +0 helmet (worn)
Jewellery
 b - a +4 ring of protection (left hand)
 e - a ring of ice
 k - a ring of ice
Scrolls
 p - a scroll of identify
Potions
 d - a potion of might
 f - a potion of magic
 i - a potion of attraction
 o - a potion of invisibility {unknown}

Dungeon Overview and Level Annotations

Branches:
Dungeon (4/15)             Temple (0/1) D:4

Altars:

Annotations:
D:2 1 runed translucent door, Crazy Yiuf
D:4 Duvessa


Message History

There is a stone staircase leading down here.
2800 ||| FLEEEEING.
You see here an adder corpse.
2801 ||| FLEEEEING.
Duvessa rages.
You barely miss Duvessa. Duvessa hits you but does no damage. x2
You barely miss Duvessa. You block Duvessa's attack. x2
You hit Duvessa.
Duvessa is lightly wounded.
You block Duvessa's attack. Duvessa barely misses you.
You slash Duvessa!
Duvessa is lightly wounded.
Duvessa hits you with a +0 short sword.
You closely miss Duvessa.
Duvessa is lightly wounded.
Duvessa hits you with a +0 short sword! x2
2807 ||| DRINKING potion of heal wounds.
You feel much better. Duvessa closely misses you. You block Duvessa's attack.
You slash Duvessa!
Duvessa is moderately wounded.
You block Duvessa's attack. Duvessa hits you but does no damage.
You slash Duvessa!
Duvessa is heavily wounded.
You block Duvessa's attack. Duvessa hits you with a +0 short sword.
You hit Duvessa but do no damage.
Duvessa is heavily wounded.
Duvessa hits you but does no damage.
You barely miss Duvessa.
Duvessa is heavily wounded.
Duvessa hits you with a +0 short sword! Duvessa barely misses you.
You barely miss Duvessa.
Duvessa is heavily wounded.
Duvessa hits you but does no damage. Duvessa closely misses you.
You barely miss Duvessa.
Duvessa is heavily wounded.
Duvessa hits you with a +0 short sword! x2
You die...

#.# #.#
#.####.####..#
#............#
######.#####.#
#.........#
#.........#
#.........#
#..........#
#@........##
##.#####e.........#
#......>./.......#.
.................#
#..........#888#.#
#.......).#8...8##
.............>.8#
#...<.....#8...8#
#.....!...##888##


You could see Duvessa (berserk).

Vanquished Creatures
  Dowan (D:4)
  A hound (D:2)
  An iguana (D:3)
  A sleepcap (D:4)
  3 adders
  4 worms
  2 dart slugs
  An orc (D:3)
  3 endoplasms
  2 giant cockroaches
  11 hobgoblins
  2 jackals (D:3)
  3 kobolds
  6 quokkas
  7 ball pythons
  4 bats
  4 frilled lizards
  8 goblins
  5 rats
69 creatures vanquished.

Notes
Turn   | Place    | Note
-------+----------+-------------------------------------------
     0 | D:1      | qw the Gargoyle Fighter began the quest for the Orb.
     0 | D:1      | Reached XP level 1. HP: 14/14 MP: 1/1
     0 | D:1      | 0 ||| qw: Version: 0.3-a-40-ge99b1a8
     0 | D:1      | 0 ||| qw: Game counter: 472
     0 | D:1      | 0 ||| qw: Melee chars always use a shield: true
     0 | D:1      | 0 ||| qw: God list: Okawaru
     0 | D:1      | 0 ||| qw: Allow faded altars: false
     0 | D:1      | 0 ||| qw: Do Orc after clearing Dungeon:15 true
     0 | D:1      | 0 ||| qw: Do second Lair branch before Depths: true
     0 | D:1      | 0 ||| qw: Lair rune preference: random
     0 | D:1      | 0 ||| qw: Goals: Normal, Zot:1-4, Slime:5, God:TSO, Crypt,
                  | Tomb, Abyss, Pan, Hells, Win
     0 | D:1      | 0 ||| PLANNING D:1-11
    34 | D:1      | Reached skill level 2 in Axes
    94 | D:1      | Reached XP level 2. HP: 19/19 MP: 2/2
    99 | D:1      | 99 ||| Stepping ~*~*~tactically~*~*~ (stealth).
   156 | D:1      | 156 ||| Stepping ~*~*~tactically~*~*~ (stealth).
   157 | D:1      | 157 ||| Stepping ~*~*~tactically~*~*~ (stealth).
   225 | D:1      | 225 ||| Stepping ~*~*~tactically~*~*~ (stealth).
   236 | D:1      | Reached skill level 3 in Axes
   315 | D:1      | Reached XP level 3. HP: 19/23 MP: 3/3
   378 | D:1      | 378 ||| DROPPING +0 club.
   781 | D:1      | 781 ||| UPGRADING to +0 helmet.
   786 | D:1      | 786 ||| READING scroll labelled TIMOPH YSHRECUI.
   787 | D:1      | 787 ||| READING 2 scrolls labelled GOZ SYM PUALEO.
   788 | D:1      | 788 ||| READING scroll labelled JOHAFU FEOTI.
   789 | D:1      | 789 ||| READING scroll labelled SYZISSAKAPN.
   790 | D:1      | 790 ||| DRINKING 2 ruby potions.
   791 | D:1      | 791 ||| DROPPING scroll of fog.
   915 | D:2      | Found a runed translucent door.
   916 | D:2      | Noticed Crazy Yiuf
  1448 | D:2      | Reached XP level 4. HP: 28/28 MP: 4/4
  1525 | D:2      | Reached skill level 4 in Axes
  1949 | D:2      | 1949 ||| UPGRADING to +1 ring mail of cold resistance.
  1959 | D:2      | 1959 ||| DROPPING +0 scale mail.
  1960 | D:2      | 1960 ||| UPGRADING to +0 chain mail.
  1970 | D:2      | 1970 ||| READING scroll labelled XUTYSEXUCHO.
  1971 | D:2      | 1971 ||| READING scroll labelled QOIZEUP MUHOJE.
  1972 | D:2      | 1972 ||| DRINKING 2 viscous green potions.
  2127 | D:3      | 2127 ||| Stepping ~*~*~tactically~*~*~ (stealth).
  2326 | D:3      | Reached XP level 5. HP: 32/32 MP: 5/5
  2719 | D:3      | 2719 ||| UPGRADING to +4 ring of protection.
  2720 | D:3      | 2720 ||| READING scroll labelled ULIPNI MIBLIA.
  2721 | D:3      | 2721 ||| READING scroll labelled JYSICS ICVU.
  2722 | D:3      | 2722 ||| READING 2 scrolls of identify.
  2722 | D:3      | 2722 ||| IDENTIFYING bubbling purple potion
  2756 | D:4      | Reached skill level 5 in Axes
  2761 | D:4      | Found a staircase to the Ecumenical Temple.
  2762 | D:4      | 2762 ||| PLANNING TEMPLE
  2765 | D:4      | Noticed Dowan
  2766 | D:4      | 2766 ||| Stepping ~*~*~tactically~*~*~ (stealth).
  2790 | D:4      | Killed Dowan
  2791 | D:4      | Reached XP level 6. HP: 18/38 MP: 6/6
  2797 | D:4      | Noticed Duvessa
  2798 | D:4      | 2798 ||| FLEEEEING.
  2799 | D:4      | 2799 ||| FLEEEEING.
  2800 | D:4      | 2800 ||| FLEEEEING.
  2801 | D:4      | 2801 ||| FLEEEEING.
  2806 | D:4      | HP: 6/38 [Duvessa/+0 short sword (7)]
  2807 | D:4      | 2807 ||| DRINKING potion of heal wounds.
  2813 | D:4      | HP: 7/38 [Duvessa/+0 short sword (12)]
  2813 | D:4      | Slain by Duvessa

Levels and vault maps discovered:
D:1:      lemuel_arrival_funnel, layout_loops_cross, minmay_pentomino_v4
D:2:      layout_loops_corners, uniq_crazy_yiuf_cottage
D:3:      layout_loops_ring
D:4:      minmay_octagon_keep, layout_loops_ring, minmay_temple_entry_statues,
          uniq_duvessa

Skill      XL: |  1  2  3  4  5 |
---------------+----------------+-----
Axes           | 2 3 4 5 |  5.1
Fighting       | 4 |  4.2
Armour         | |  3.2
Shields        | |  3.2

Action                     |  1- 3 |  4- 6 || total
---------------------------+-------+-------++-------
  Melee: War axe           |   117 |   118 ||   235
  Throw: Boomerang         |       |    25 ||    25
    Use: Scroll            |     4 |     5 ||     9
         Potion            |     1 |     2 ||     3
 Armour: Scale mail        |    45 |    23 ||    68
         Chain mail        |       |    43 ||    43
  Dodge: Dodged            |    48 |    37 ||    85
  Block: Buckler           |    28 |    25 ||    53

Table legend:
 A = Non-vault XP
 B = Vault XP
 C = Vault XP percentage of total XP
 D = Non-vault monster count
 E = Vault monster count
 F = Vault count percentage of total count
                 A         B        C        D         E       F
            +---------+---------+-------+---------+---------+-------
      Total |     268 |      72 |  21.2 |      65 |       4 |   5.8
            +---------+---------+-------+---------+---------+-------
        D:1 |      38 |       5 |  11.6 |      22 |       3 |  12.0
        D:2 |     107 |       0 |   0.0 |      22 |       0 |   0.0
        D:3 |      70 |       0 |   0.0 |      17 |       0 |   0.0
        D:4 |      53 |      67 |  55.8 |       4 |       1 |  20.0
            +---------+---------+-------+---------+---------+-------
